 Dungeon Crawl Stone Soup version 0.23-a0-143-g1adec7b (webtiles) character file.

7 grindst0ne the Vexing (level 2, -2/22 HPs)
             Began as a Formicid Arcane Marksman on Sept 6, 2018.
             Slain by a hobgoblin (4 damage)
             ... on level 2 of the Dungeon.
             The game lasted 00:01:43 (508 turns).

grindst0ne the Vexing (Formicid Arcane Marksman)     Turns: 508, Time: 00:01:44

Health: -2/22      AC:  2    Str: 14    XL:     2   Next: 5%
Magic:  3/3        EV: 12    Int: 12    God:
Gold:   14         SH:  0    Dex: 11    Spells: 2/3 levels left

rFire    . . .     SeeInvis +   e - -2 dagger (curse)
rCold    . . .     Gourm    .   (no shield)
rNeg     . . .     Faith    .   a - +0 robe
rPois    .         Spirit   .   (helmet unavailable)
rElec    .         Reflect  .   (no cloak)
rCorr    .         Harm     .   (no gloves)
MR       .....                  (no boots)
Stlth    +.........             (no amulet)
HPRegen  0.07/turn              (no ring)
MPRegen  0.08/turn              (no ring)

@: no status effects
A: permanent stasis, dig shafts and tunnels, four strong arms, antennae 3
a: Dig, Shaft Self


You were on level 2 of the Dungeon.
You were not hungry.

You visited 1 branch of the dungeon, and saw 2 of its levels.

You collected 14 gold pieces.

Inventory:

Hand Weapons
 b - a +0 short sword
 e - a cursed -2 dagger (weapon)
Armour
 a - a +0 robe (worn)
Jewellery
 g - an uncursed ring of protection from cold {unknown}
Comestibles
 f - 2 rations


   Skills:
 + Level 2.1 Fighting
 - Level 2.0 Throwing
 - Level 1.7 Dodging
 - Level 1.1 Spellcasting
 - Level 3.6 Hexes


You had 2 spell levels left.
You knew the following spells:

 Your Spells              Type           Power        Failure   Level  Hunger
a - Corona                Hex            #......      7%          1    ##.....

Your spell library contained the following spells:

 Spells                   Type           Power        Failure   Level  Hunger
 Slow                     Hex            #.......     11%         2    ###....
 Inner Flame              Hex/Fire       #.......     38%         3    ####...
 Portal Projectile        Hex/Tloc       #.....       38%         3    ####...
 Cause Fear               Hex            #.........   56%         4    #####..
 Leda's Liquefaction      Hex/Erth       #.........   80%         4    #####..


Dungeon Overview and Level Annotations

Branches:
Dungeon (1/15)

Altars:


Innate Abilities, Weirdness & Mutations

You cannot be hasted, slowed, berserked, paralysed or teleported.
You can dig through walls and to a lower floor.
Your four strong arms can wield two-handed weapons with a shield.
You have a pair of large antennae on your head. (SInv)


Message History

* * * LOW HITPOINT WARNING * * *
You hit the kobold but do no damage. The kobold misses you.
You closely miss the kobold. You closely miss the kobold.
The kobold barely misses you.
You hit the kobold but do no damage. The kobold closely misses you.
You hit the kobold.
The kobold is severely wounded.
The kobold hits you but does no damage.
You hit the kobold.
You kill the kobold!
You barely miss the hobgoblin.
The hobgoblin hits you but does no damage.
You hit the hobgoblin.
The hobgoblin is severely wounded.
The hobgoblin hits you.
* * * LOW HITPOINT WARNING * * *
You hit the hobgoblin.
The hobgoblin is almost dead.
The hobgoblin hits you.
You die...

#(....###
#....#.##
#....##.#
#.K..#.##
#!...##.#
######.##
####.#
##g#.##
#@#.##
#####


You could see a hobgoblin.

Vanquished Creatures
  A goblin (D:1)
  2 hobgoblins (D:1)
  A frilled lizard (D:1)
  2 kobolds
  A rat (D:2)
7 creatures vanquished.

Notes
Turn   | Place    | Note
-------+----------+-------------------------------------------
     0 | D:1      | grindst0ne the Formicid Arcane Marksman began the quest for
                  | the Orb.
     0 | D:1      | Reached XP level 1. HP: 15/15 MP: 2/2
   485 | D:1      | You fall through a shaft!
   498 | D:2      | Reached XP level 2. HP: 10/22 MP: 3/3
   508 | D:2      | Slain by a hobgoblin

Vault maps used:
D:1:      lightli_arrival_isolated_outpost
D:2:      wad_crossroads, lemuel_doored_altar, first_ration, uniq_terence,
          uniq_robin

Skill      XL: |  1 |
---------------+----+-----
Fighting       | 2 |  2.1
Throwing       | |  2.0
Dodging        | |  1.7
Spellcasting   | |  1.1
Hexes          | |  3.6

Action                   || total
-------------------------++-------
Melee: Dagger            ||    20
       Short sword       ||     7
Throw: Javelin           ||    11
       Throwing net      ||     3
 Abil: Dig               ||     1
       Shaft Self        ||     1
Armor: Robe              ||     9
Dodge: Dodged            ||    19

Table legend:
 A = Non-vault XP
 B = Vault XP
 C = Vault XP percentage of total XP
 D = Non-vault monster count
 E = Vault monster count
 F = Vault count percentage of total count
                 A         B        C        D         E       F
            +---------+---------+-------+---------+---------+-------
      Total |      10 |       0 |   0.0 |       7 |       0 |   0.0
            +---------+---------+-------+---------+---------+-------
        D:1 |       8 |       0 |   0.0 |       5 |       0 |   0.0
        D:2 |       2 |       0 |   0.0 |       2 |       0 |   0.0
            +---------+---------+-------+---------+---------+-------
